 Dungeon Crawl Stone Soup version 0.31-a0-233-g139696dc86 (webtiles) character file.

Game seed: 2519367465014387407

133 qw the Shooter (level 4, -2/36 HPs)
             Began as a Minotaur Hexslinger on July 9, 2023.
             Shot with an arrow by a centaur (9 damage)
             ... on level 3 of the Dungeon.
             The game lasted 00:00:40 (1861 turns).

qw the Shooter (Minotaur Hexslinger)                Turns: 1861, Time: 00:00:41

Health: -2/36      AC:  6    Str: 12    XL:     4   Next: 94%
Magic:  4/4        EV: 11    Int: 10    God:
Gold:   89         SH:  0    Dex: 15    Spells: 4/5 levels left

rFire   . . .        Y - +2 sling
rCold   . . .        (no shield)
rNeg    . . .        g - +0 ring mail
rPois   .            (helmet restricted)
rElec   .            (no cloak)
rCorr   .            (no gloves)
SInv    .            e - +0 pair of boots
Will    .....        (no amulet)
Stlth   +            (no ring)
HPRegen 0.26/turn    (no ring)
MPRegen 0.09/turn

%: no passive effects
@: about to teleport
A: horns 2, retaliatory headbutt
a: no special abilities


You were on level 3 of the Dungeon.
You visited 1 branch of the dungeon, and saw 3 of its levels.

You collected 89 gold pieces.


Innate Abilities, Weirdness & Mutations

You have a pair of horns on your head.
You reflexively headbutt those who attack you in melee.


   Skills:
 + Level 2.2 Fighting
 - Level 5.1 Ranged Weapons
 - Level 1.4 Armour
 - Level 2.1 Dodging
 - Level 1.0 Spellcasting
 - Level 2.0 Hexes


You had 4 spell levels left.
You knew the following spells:

 Your Spells              Type           Power      Damage    Failure   Level
a - Slow                  Hex            16%        N/A       32%         1

Your spell library contained the following spells:

 Spells                   Type           Power      Damage    Failure   Level
 Inner Flame              Hex/Fire       2%         N/A       83%         3
 Portal Projectile        Hex/Tloc       4%         N/A       83%         3
 Cause Fear               Hex            2%         N/A       97%         4

Inventory:

Hand Weapons
 Y - a +2 sling (weapon)
Armour
 e - a +0 pair of boots (worn)
 g - a +0 ring mail (worn)
Scrolls
 d - a scroll of identify
Potions
 b - a potion of mutation {unknown}
 c - a potion of enlightenment {unknown}

Dungeon Overview and Level Annotations

Branches:
Dungeon (3/15)

Altars:


Message History

You shoot a sling bullet. The sling bullet hits the orc.
You kill the orc!
You shoot a sling bullet. The sling bullet hits the orc.
The orc is heavily wounded.
You shoot a sling bullet. The sling bullet hits the orc.
You kill the orc!
Something completely misses you.
An orc comes into view. It is wielding a +0 trident.
A magic dart appears from out of thin air!
The magic dart hits something!
Reactivating autopickup.
You feel a bit more experienced.
A centaur comes into view.
Your Ranged Weapons skill increases to level 5!
You shoot a sling bullet. The centaur shouts!
The sling bullet hits the orc!
You kill the orc!
The centaur wields a +0 orcbow.
The centaur shoots an arrow.
The arrow hits you!
You shoot a sling bullet. The centaur shoots an arrow.
You hear some strange, mumbled words.
Deactivating autopickup; reactivate with Ctrl-A.
Something tries to affect you, but you resist.
Autopickup is now on.
You shoot a sling bullet. The centaur shoots an arrow.
The arrow closely misses you.
The centaur shoots an arrow.
The arrow barely misses you.
You shoot a sling bullet. The centaur shoots an arrow.
You feel a bit more experienced.
The centaur shoots an arrow.
The arrow hits you.
You shoot a sling bullet. The sling bullet hits the centaur.
The centaur is lightly wounded.
The centaur shoots an arrow.
The arrow barely misses you.
The centaur shoots an arrow.
The arrow hits you!
1861 ||| READING scroll of teleportation.
As you read the scroll of teleportation, it crumbles to dust.
You feel strangely unstable.
The centaur shoots an arrow.
The arrow hits you!
You die...

.................<...#.#...#
..................#..#.#####
...........................
.#.........................
.................##..#.####
.#..##.##...#..#.##..#.#
........................
.#.............#)###.#.##
###.#####.......@).....# #
#........#.#..)#)#.#.#
###..####........#... .....#
........# ..# ####.#
#........) ..c. # .#
#.......... .#.# # .#
#..###..... .#.# ####.# #..
......# .....#


You could see a centaur.

Vanquished Creatures
  Natasha (twice) (D:2)
  An adder (D:2)
  A dart slug (D:3)
  4 orcs (D:3)
  5 ball pythons
  2 endoplasms
  3 giant cockroaches
  10 goblins
  5 hobgoblins
  6 kobolds
  A quokka (D:1)
  A bat (D:3)
  3 frilled lizards
  3 rats
47 creatures vanquished.

Vanquished Creatures (others)
  2 orc wizards (D:3)
2 creatures vanquished.

Grand Total: 49 creatures vanquished

Notes
Turn   | Place    | Note
-------+----------+-------------------------------------------
     0 | D:1      | qw the Minotaur Hexslinger began the quest for the Orb.
     0 | D:1      | Reached XP level 1. HP: 16/16 MP: 1/1
     0 | D:1      | 0 ||| qw: Version: 0.3-a-51-g015441d
     0 | D:1      | 0 ||| qw: Game counter: 3785
     0 | D:1      | 0 ||| qw: Melee chars always use a shield: true
     0 | D:1      | 0 ||| qw: God list: Okawaru
     0 | D:1      | 0 ||| qw: Allow faded altars: false
     0 | D:1      | 0 ||| qw: Do Orc after clearing Dungeon:15 true
     0 | D:1      | 0 ||| qw: Do second Lair branch before Depths: true
     0 | D:1      | 0 ||| qw: Lair rune preference: random
     0 | D:1      | 0 ||| qw: Goals: Normal
     0 | D:1      | 0 ||| PLANNING D:1-11
    99 | D:1      | Reached skill level 3 in Ranged Weapons
   101 | D:1      | Reached XP level 2. HP: 23/23 MP: 2/2
   575 | D:1      | Found a faded altar of an unknown god.
   846 | D:1      | 846 ||| UPGRADING to +0 leather armour.
   856 | D:1      | 856 ||| DROPPING +0 robe.
   857 | D:1      | 857 ||| UPGRADING to +0 ring mail.
   867 | D:1      | 867 ||| DROPPING +0 leather armour.
   868 | D:1      | 868 ||| READING scroll labelled YMMISIE NUTID.
   869 | D:1      | 869 ||| READING scroll labelled GUW MO DAMUMPYI.
   874 | D:1      | 874 ||| DROPPING scroll of poison.
   943 | D:2      | Noticed Natasha
   948 | D:2      | Killed Natasha
   949 | D:2      | Reached skill level 4 in Ranged Weapons
   949 | D:2      | Reached XP level 3. HP: 19/29 MP: 3/3
  1121 | D:2      | Reached skill level 1 in Armour
  1442 | D:2      | Reached XP level 4. HP: 36/36 MP: 4/4
  1577 | D:2      | Noticed Natasha
  1580 | D:2      | Killed Natasha
  1628 | D:2      | 1628 ||| UPGRADING to +0 pair of boots.
  1633 | D:2      | 1633 ||| READING scroll labelled MEFFODIOSI.
  1634 | D:2      | 1634 ||| READING scroll labelled EROLAPTEGUO.
  1635 | D:2      | 1635 ||| READING scroll labelled SASUIG NIDIOHI.
  1636 | D:2      | 1636 ||| READING scroll labelled ATAIRR WUPP.
  1847 | D:3      | 1847 ||| Stepping ~*~*~tactically~*~*~ (outnumbered).
  1855 | D:3      | Noticed a centaur
  1856 | D:3      | Reached skill level 5 in Ranged Weapons
  1860 | D:3      | HP: 7/36 [centaur/arrow (7)]
  1861 | D:3      | 1861 ||| READING scroll of teleportation.
  1861 | D:3      | Shot with an arrow by a centaur

Levels and vault maps discovered:
D:1:      ncdulo_watergridlock, layout_loops_corners, basic_ecumenical_altar
D:2:      layout_loops_ring, uniq_natasha
D:3:      layout_basic

Skill      XL: |  1  2  3  4 |
---------------+-------------+-----
Ranged Weapons | 3 4 5 |  5.1
Fighting       | 2 |  2.2
Armour         | 1 |  1.4
Dodging        | |  2.1
Spellcasting   | |  1.0
Hexes          | |  2.0

Action                     |  1- 3 |  4- 6 || total
---------------------------+-------+-------++-------
   Fire: Sling             |    90 |    59 ||   149
    Use: Scroll            |     2 |     5 ||     7
 Armour: Robe              |     3 |       ||     3
         Ring mail         |     7 |     5 ||    12
  Dodge: Dodged            |    11 |    14 ||    25

Table legend:
 A = Non-vault XP
 B = Vault XP
 C = Vault XP percentage of total XP
 D = Non-vault monster count
 E = Vault monster count
 F = Vault count percentage of total count
                 A         B        C        D         E       F
            +---------+---------+-------+---------+---------+-------
      Total |     156 |      35 |  18.3 |      48 |       1 |   2.0
            +---------+---------+-------+---------+---------+-------
        D:1 |      31 |       0 |   0.0 |      17 |       0 |   0.0
        D:2 |      72 |      35 |  32.7 |      16 |       1 |   5.9
        D:3 |      53 |       0 |   0.0 |      15 |       0 |   0.0
            +---------+---------+-------+---------+---------+-------
